 Dungeon Crawl Stone Soup version 0.29.1-12-g30fa7ad0bf (webtiles) character file.

Game seed: 13542297486873356655

8685 croobank the Conjurer (level 11, -3/82 HPs)
             Began as a Demonspawn Conjurer on Dec 27, 2022.
             Was a High Priest of Lugonu.
             Slain by Harold
             ... wielding a +0 war axe
              (6 damage)
             ... on level 9 of the Dungeon on Dec 28, 2022.
             The game lasted 01:36:49 (11828 turns).

croobank the Conjurer (Demonspawn Conjurer)        Turns: 11828, Time: 01:36:50

Health: -3/82      AC:  5    Str:  7    XL:     11   Next: 13%
Magic:  0/19       EV: 13    Int: 31    God:    Lugonu [*****.]
Gold:   156        SH:  5    Dex: 11    Spells: 11/21 levels left

rFire   . . .      SeeInvis +   q - +1 short sword (speed)
rCold   . . .      Faith    .   u - +0 buckler
rNeg    . . .      Spirit   .   L - +1 robe {Archmagi}
rPois   .          Reflect  .   (no helmet)
rElec   .          Harm     .   (no cloak)
rCorr   .          Rampage  .   (no gloves)
Will    .....      Archmagi +   (no boots)
Stlth   +++.......              d - amulet of magic regeneration
HPRegen 0.23/turn               O - +6 ring of intelligence
MPRegen 0.56/turn               t - ring of see invisible

@: marked, very slightly contaminated
A: yellow scales 1, demonic magic 2, demonic touch 1
a: Renounce Religion, Depart the Abyss, Bend Space, Banish, Corrupt, Enter the
Abyss


You were on level 9 of the Dungeon.
You worshipped Lugonu.
Lugonu was extremely pleased with you.
You visited 1 branch of the dungeon, and saw 9 of its levels.
You also visited: Sewer.

You collected 581 gold pieces.
You spent 425 gold pieces at shops.

Inventory:

Hand Weapons
 g - a -1 demon whip of venom
 o - a +0 war axe
 q - a +1 short sword of speed (weapon)
 y - a +3 great sword
 z - a +0 scimitar
 A - a +2 dire flail of protection
 E - a +3 dagger
 I - a +0 broad axe
 J - a +3 halberd
Armour
 s - a +1 leather armour of fire resistance
 u - a +0 buckler (worn)
 L - a +1 robe of the Archmagi (worn)
Jewellery
 d - an amulet of magic regeneration (around neck)
 e - a +4 ring of evasion
 i - a +4 ring of protection
 j - a ring of magical power
 k - a ring of poison resistance
 t - a ring of see invisible (right hand)
 x - a ring of willpower
 K - a ring of resist corrosion
 O - a +6 ring of intelligence (left hand)
Wands
 a - a wand of mindburst (13)
 r - a wand of iceblast (18)
 w - a wand of flame (41)
 G - a wand of polymorph (4)
 N - a wand of acid (6)
Scrolls
 b - a scroll of butterflies
 c - 2 scrolls of immolation
 h - a scroll of vulnerability
 m - a scroll of identify
 p - a scroll of poison
 F - 2 scrolls of fear
 H - a scroll of magic mapping
Potions
 f - 4 potions of mutation
 l - 3 potions of curing
 n - 2 potions of resistance
 v - 2 potions of heal wounds {unknown}
 B - 2 potions of berserk rage {unknown}
 C - 2 potions of haste
 D - 2 potions of flight {unknown}
 M - a potion of cancellation {unknown}


   Skills:
 * Level 6.3 Fighting
 + Level 5.5 Dodging
 + Level 6.1 Stealth
 + Level 4.7 Shields
 + Level 5.6 Spellcasting
 + Level 7.0 Conjurations
 - Level 5.0 Hexes
 * Level 5.7 Translocations
 + Level 6.8 Invocations


You had 11 spell levels left.
You knew the following spells:

 Your Spells              Type           Power      Damage    Failure   Level
a - Magic Dart            Conj           100%       1d8       1%          1
b - Searing Ray           Conj           100%       2d8       1%          2
c - Dazzling Flash        Conj/Hex       100%       N/A       1%          3
d - Iskenderun's Mystic   Conj/Tloc      64%        2d13      4%          4

Your spell library contained the following spells:

 Spells                   Type           Power      Damage    Failure   Level
 Apportation              Tloc           100%       N/A       1%          1
 Fulminant Prism          Conj/Hex       31%        3d16      5%          4
 Necrotise                Necr           52%        1d6       7%          1
 Summon Small Mammal      Summ           52%        N/A       7%          1
 Mephitic Cloud           Conj/Pois/Air  34%        N/A       8%          3
 Call Imp                 Summ           13%        N/A       10%         2
 Poisonous Vapours        Pois/Air       26%        N/A       10%         2
 Irradiate                Conj/Tmut      22%        3d19      41%         5
 Corpse Rot               Necr/Pois/Air  13%        N/A       54%         4
 Petrify                  Tmut/Erth      13%        N/A       54%         4
 Metabolic Englaciation   Hex/Ice        18%        N/A       54%         5
 Blade Hands              Tmut           6%         N/A       88%         5
 Statue Form              Tmut/Erth      8%         N/A       100%        6
 Dragon Form              Tmut           6%         N/A       100%        7


Dungeon Overview and Level Annotations

Branches:
Dungeon (9/15)             Temple (0/1) D:7           Sewer (visited)
   Lair: D:8-11         Orc: D:9-12

Altars:
Qazlal
Lugonu

Shops:
D:5 :   D:7 [**

Annotations:
D:9 3 runed translucent doors, Harold


Innate Abilities, Weirdness & Mutations

You are partially covered in yellow scales. (AC +2)
Spells you cast may paralyse nearby enemies.
Your touch may inflict minor irresistible damage on your foes.


Message History

Casting: Iskenderun's Mystic Blast (dangerous; 4% risk of failure)
Confirm with . or Enter, or press ? or * to list all spells.
Aiming: Searing Ray (safe; 1% risk of failure)
Press: ? - help, Shift-Dir - straight line, f - Harold
Aim: Harold, wielding a +0 war axe, wearing a +2 chain mail of fire resistance and quivering 2 throwing nets (moderately wounded, fast, 92% to hit)
You feel a surge of power!
The searing ray hits Harold.
Harold is moderately wounded. (Press . to maintain the ray.) Malevolent energies surge around you.
The searing ray hits Harold!
Harold is heavily wounded.
Harold hits you with a +0 war axe!
The searing ray hits Harold!
Harold is heavily wounded.
Harold hits you with a +0 war axe! Harold hits you with a +0 war axe.
Casting: Searing Ray (safe; 1% risk of failure)
Confirm with . or Enter, or press ? or * to list all spells.
You feel a surge of power!
You erupt in a blast of force!
The mystic blast hits Harold!
Harold is severely wounded.
Harold is knocked back by the mystic blast.
Malevolent energies surge around you. Harold fires a harpoon shot at you.
The harpoon shot hits you!
* * * LOW HITPOINT WARNING * * *
You are yanked forward by the harpoon shot.
Space bends violently around you!
You blink.
Harold hits you with a +0 war axe!
* * * LOW HITPOINT WARNING * * *
Okay, then.
Casting: Iskenderun's Mystic Blast (dangerous; 4% risk of failure)
Confirm with . or Enter, or press ? or * to list all spells.
You don't have enough magic to cast this spell.
Unknown command.
Casting: Iskenderun's Mystic Blast (dangerous; 4% risk of failure)
Confirm with . or Enter, or press ? or * to list all spells.
Casting: Dazzling Flash (safe; 1% risk of failure)
Press: ? - help, Dir - look around, f - activate You feel a surge of power!
Malevolent energies surge around you. Harold hits you with a +0 war axe.
You die...

#..# #....... ...#
#.......# ...#
#..... ...# #....
...# #..#
...#############..#
..................#
...............@..#
#########.......@.#
# #.........# #
#.........# #
#..>......# #
#...####### #...#
#.###


You could see Harold (fast).

Vanquished Creatures
  3 two-headed ogres
  Amaemon (D:8)
  An orange demon (D:8)
  A shadow (D:8)
  4 wyverns
  5 yaks
  A wraith (D:9)
  4 steam dragons
  2 water moccasins
  4 sky beasts
  An ice beast (D:6)
  Pargi (Sewer)
  2 black bears
  2 orc warriors
  4 centaurs
  2 ogres
  2 phantoms (D:6)
  3 kobold brigands
  Blork the orc (D:5)
  2 bullfrogs
  2 necrophages (D:7)
  3 scorpions
  6 wights
  9 killer bees (D:9)
  2 jellies
  3 hounds (D:6)
  A gnoll bouda (D:5)
  3 orc priests
  9 iguanas
  Ijyb (D:4)
  3 orc wizards
  Robin (D:2)
  6 adders
  3 gnolls (D:5)
  A shadow imp (D:5)
  A white imp (D:6)
  5 ufetubi
  A worm (D:3)
  3 dart slugs (D:1)
  15 orcs
  A bat (D:3)
  5 endoplasms
  6 giant cockroaches
  10 goblins
  9 hobgoblins
  2 jackals (D:3)
  16 kobolds
  2 quokkas
  5 ball pythons
  3 frilled lizards
  2 rats
185 creatures vanquished.

Vanquished Creatures (others)
  An orc (D:8)
  2 kobolds (D:8)
3 creatures vanquished.

Grand Total: 188 creatures vanquished

Notes
Turn   | Place    | Note
-------+----------+-------------------------------------------
     0 | D:1      | croobank the Demonspawn Conjurer began the quest for the
                  | Orb.
     0 | D:1      | Reached XP level 1. HP: 13/13 MP: 3/3
   161 | D:1      | Found a faded altar of an unknown god.
   205 | D:1      | Prayed at the altar of an unknown god.
   205 | D:1      | Became a worshipper of Lugonu the Unformed
   205 | D:1      | Reached * piety under Lugonu
   205 | D:1      | Reached ** piety under Lugonu
   302 | D:1      | Gained mutation: Your touch may inflict minor irresistible
                  | damage on your foes. [demonic ancestry]
   302 | D:1      | Reached XP level 2. HP: 19/19 MP: 1/5
   305 | D:1      | Learned a level 2 spell: Searing Ray
   971 | D:2      | Found a stormy altar of Qazlal.
  1181 | D:2      | Noticed Robin
  1198 | D:2      | Killed Robin
  1199 | D:2      | Gained mutation: You are partially covered in yellow
                  | scales. (AC +2) [demonic ancestry]
  1199 | D:2      | Reached XP level 3. HP: 24/24 MP: 0/6
  1995 | D:2      | Identified the +3 hat of Zaveis {rElec Regen+ Dex+4}
  2508 | D:3      | Noticed an ogre
  2717 | D:3      | Learned a level 3 spell: Dazzling Flash
  2802 | D:3      | Gained mutation: Spells you cast may paralyse adjacent
                  | enemies. [demonic ancestry]
  2802 | D:3      | Reached XP level 4. HP: 29/30 MP: 3/7
  3074 | D:4      | Noticed Ijyb
  3088 | D:4      | Killed Ijyb
  3088 | D:4      | Reached *** piety under Lugonu
  3320 | D:3      | Reached skill level 1 in Invocations
  3586 | D:4      | Noticed a black bear
  3593 | D:4      | Killed a black bear
  3594 | D:4      | Reached skill level 1 in Hexes
  3594 | D:4      | Reached XP level 5. HP: 35/35 MP: 3/9
  3782 | D:5      | Entered Level 5 of the Dungeon
  3793 | D:5      | Reached skill level 1 in Shields
  3933 | D:5      | Reached XP level 6. HP: 41/41 MP: 6/10
  4274 | D:5      | Noticed a water moccasin
  4279 | D:5      | Reached skill level 5 in Conjurations
  4294 | D:5      | Killed a water moccasin
  4295 | D:5      | Reached XP level 7. HP: 42/46 MP: 2/12
  4342 | D:5      | Noticed Blork the orc
  4356 | D:5      | Killed Blork the orc
  4451 | D:5      | Found Sumu's Book Emporium.
  4679 | D:5      | Learned a level 4 spell: Iskenderun's Mystic Blast
  4998 | D:6      | Reached skill level 1 in Translocations
  4998 | D:6      | Reached XP level 8. HP: 50/53 MP: 10/13
  5023 | D:6      | Reached skill level 1 in Fighting
  5233 | D:6      | Found a glowing drain.
  5253 | D:6      | Reached **** piety under Lugonu
  5256 | Sewer    | Entered a sewer
  5368 | Sewer    | Noticed Pargi
  5379 | Sewer    | Killed Pargi
  6479 | D:6      | Gained mutation: Spells you cast may paralyse nearby
                  | enemies. [demonic ancestry]
  6479 | D:6      | Reached XP level 9. HP: 58/63 MP: 12/15
  6913 | D:7      | Found Vaofif's Armour Shoppe.
  6935 | D:7      | Reached skill level 5 in Invocations
  7177 | D:7      | Reached skill level 6 in Conjurations
  7360 | D:7      | Found Ranycuk's General Store.
  7366 | D:7      | Found a staircase to the Ecumenical Temple.
  7401 | D:7      | Bought a +1 robe of the Archmagi for 425 gold pieces
  7848 | D:7      | Reached skill level 5 in Stealth
  7961 | D:7      | Found Loguit's General Store.
  8464 | D:8      | Noticed a two-headed ogre
  8478 | D:7      | Reached ***** piety under Lugonu
  9116 | D:8      | Noticed an orange demon
  9126 | D:8      | Noticed Amaemon
  9130 | D:8      | Killed an orange demon
  9156 | D:8      | Killed Amaemon
  9157 | D:8      | Reached XP level 10. HP: 14/73 MP: 3/17
  9879 | D:7      | Reached skill level 5 in Spellcasting
 10164 | D:7      | Reached skill level 5 in Fighting
 10381 | D:8      | Reached skill level 5 in Dodging
 10438 | D:8      | Killed a two-headed ogre
 10553 | D:8      | Reached skill level 5 in Translocations
 10934 | D:8      | Noticed a two-headed ogre
 10943 | D:8      | Killed a two-headed ogre
 10944 | D:8      | Reached skill level 5 in Hexes
 11444 | D:9      | Reached XP level 11. HP: 57/81 MP: 6/19
 11657 | D:9      | Found a runed translucent gate.
 11657 | D:9      | Found a runed translucent gate.
 11657 | D:9      | Found a runed translucent gate.
 11658 | D:9      | Noticed a purple ugly thing
 11682 | D:9      | Noticed a two-headed ogre
 11692 | D:9      | Killed a two-headed ogre
 11775 | D:9      | Reached skill level 7 in Conjurations
 11812 | D:9      | Noticed Harold
 11827 | D:9      | HP: 3/82 [Harold/+0 war axe (16)]
 11828 | D:9      | Slain by Harold

Illustrated notes

Levels and vault maps discovered:
D:1:      eino_arrival_cavern_e, layout_basic,
          hellmonk_ecumenical_altar_run_dry, hangedman_decor_lopped,
          kennysheep_boxes
D:2:      layout_loops_corners, basic_altar, uniq_robin
D:3:      layout_rooms, lightli_corner_chamber
D:4:      layout_gridville, minmay_distorted, uniq_ijyb
D:5:      layout_basic, serial_shops, shop, uniq_blork_the_orc
D:6:      layout_gridville, portal_sewer_entry_f,
          chequers_serial_rivers_micro_c, st_stairs_13, dreamdust_wishing_well,
          grunt_ministairs_13, amethyst_killhole, minmay_pentangle
D:7:      layout_layer_cave, temple_statues, serial_shops, shop,
          nicolae_shop_temple_entry_statues_fountains, nicolae_shop_waterfront
D:8:      minmay_s_stair_smasher, layout_loops_cross, uniq_amaemon
D:9:      layout_irregular_city, minitemple,
          ploomutoo_gammafunk_ghost_potion_laboratory, uniq_harold, uniq_maurice

Skill      XL: |  1  2  3  4  5  6  7  8  9 10 11 |
---------------+----------------------------------+-----
Stealth        | 2 3 4 5 6 |  6.1
Dodging        | 2 3 4 5 |  5.5
Invocations    | 1 2 3 4 5 6 |  6.8
Hexes          | 1 2 3 4 5 |  5.0
Shields        | 1 2 3 4 |  4.7
Spellcasting   | 3 4 5 |  5.6
Conjurations   | 5 6 7 |  7.0
Translocations | 1 2 4 5 |  5.7
Fighting       | 3 4 6 |  6.3

Action                   |  1- 3 |  4- 6 |  7- 9 | 10-12 || total
-------------------------+-------+-------+-------+-------++-------
Melee: Short sword       |    32 |    24 |   208 |    41 ||   305
       Unarmed           |     4 |       |       |       ||     4
       Touch             |     4 |     5 |    31 |       ||    40
       Punch             |       |       |     3 |       ||     3
 Cast: Magic Dart        |    42 |     8 |    38 |     6 ||    94
       Searing Ray       |    12 |    25 |    54 |    16 ||   107
       Dazzling Flash    |     1 |     1 |    35 |     4 ||    41
       Iskenderun's Myst |       |       |       |    35 ||    35
Invok: Bend Space        |       |       |     1 |     1 ||     2
  Use: Potion            |     1 |       |     4 |       ||     5
       Scroll            |     9 |     2 |     3 |       ||    14
 Stab: Sleeping          |       |     2 |     8 |       ||    10
       Paralysed         |       |     1 |    63 |    21 ||    85
       Invisible         |       |       |     8 |       ||     8
Armor: Robe              |    15 |     6 |    15 |    13 ||    49
       Leather armour    |       |    10 |    56 |       ||    66
       Skin              |       |       |    15 |       ||    15
Dodge: Dodged            |    33 |    34 |   193 |    41 ||   301
Block: Buckler           |       |       |    15 |     7 ||    22
